AoeStats
← 小桦

Arabia

507206152Analyzed
1v1 RM · 16d ago on Sep 17, 2026· 26m 51s· 2 players
Game mode
Random Map
Map size
Tiny (2 player)
Population
200
Speed
Normal
Resources
Standard
Victory
Conquest
Starting age
Dark Age
Ending age
Imperial Age
RankedLock teamsTeams togetherTeam positionsShared explorationLock speedFull tech treeHidden civsTurbo modeCheats
Victory
Defeat
🇦🇷 Vietnamese · Argentina
1400
+16
🇨🇳 Koreans · China
1391
-16
小桦
6:45 Loom
8:53 Feudal Age
13:23 Wheelbarrow
23:11 Castle Age
21:50 Double-Bit Axe
22:39 Horse Collar
23:16 Elite Skirmisher
24:56 Fletching
25:49 Bow Saw
Sirius Black
6:03 Loom
9:15 Feudal Age
9:45 Double-Bit Axe
9:41 Horse Collar
17:32 Wheelbarrow
21:53 Castle Age
20:40 Bloodlines
21:07 Scale Barding Armor
21:25 Gold Mining
22:08 Forging
21:57 Light Cavalry
22:39 Husbandry
23:58 Bow Saw
Connection lost

Rejoining the realm…

Still unreachable

The connection could not be restored.

Session expired

The server has moved on; the page needs a fresh start.